 Dungeon Crawl Stone Soup version 0.19-a0-1097-g38e3b35 (webtiles) character file.

506 Leszczynek the Basher (level 7, -5/71 HPs)
             Began as an Ogre Earth Elementalist on Aug 8, 2016.
             Was an Initiate of the Shining One.
             Slain by an ogre
             ... wielding a +0 giant club
              (11 damage)
             ... on level 5 of the Dungeon.
             The game lasted 00:19:58 (2482 turns).

Leszczynek the Basher (Ogre Earth Elementalist)     Turns: 2482, Time: 00:19:59

Health: -5/71      AC:  4    Str: 16    XL:     7   Next: 18%
Magic:  10/10      EV: 11    Int: 14    God:    the Shining One [......]
Gold:   222        SH:  0    Dex: 10    Spells: 3 memorised, 5 levels left

rFire  + . .     SeeInvis .     q - +0 giant club
rCold  . . .     Gourm    .     d - +1 robe
rNeg   . . .     Faith    .     (shield currently unavailable)
rPois  +         Spirit   .     (helmet restricted)
rElec  .         Dismiss  .     (no cloak)
rCorr  .         Reflect  .     (gloves unavailable)
SustAt .         Harm     .     (boots unavailable)
MR     .....                    m - amulet of inaccuracy (curse)
Stlth  +.........               (no ring)
                                o - +1 ring of evasion (curse)

@: glowing
A: unfitting armour, blink, blurry vision 1, fire resistance 1, poison
resistance, slow regeneration 1, tough skin 1, wild magic 1
a: Blink, Renounce Religion


You were on level 5 of the Dungeon.
You worshipped the Shining One.
The Shining One was noncommittal.
You were not hungry.

You visited 1 branch of the dungeon, and saw 5 of its levels.

You collected 222 gold pieces.

Inventory:

Hand Weapons
 a - a +0 mace
 q - a +0 giant club (weapon)
 u - a +0 flail
Missiles
 f - a throwing net (quivered)
Armour
 d - a +1 robe (worn)
Jewellery
 e - an uncursed amulet of guardian spirit {unknown}
 m - a cursed amulet of inaccuracy (around neck)
 o - a cursed +1 ring of evasion (left hand)
Wands
 p - a wand of lightning (0/15)
 r - a wand of polymorph (9/24)
Scrolls
 g - a scroll of magic mapping
 k - 2 scrolls of identify
 v - a scroll of teleportation {unknown}
Potions
 h - a potion of brilliance
 j - a potion of haste
 l - 3 potions of cure mutation
Books
 s - a book of Spatial Translocations

   Spells                             Type                      Level
   a - Apportation                    Translocation                1
   b - Blink                          Translocation                2
   c - Shroud of Golubria             Charms/Translocation         2
   d - Portal Projectile              Translocation                3
   e - Teleport Other                 Translocation                3
   f - Passage of Golubria            Translocation                4
Comestibles
 b - 2 chunks of flesh
 c - 2 bread rations
 i - a meat ration
 n - a beef jerky


   Skills:
 - Level 4.4 Fighting
 * Level 8.2 Maces & Flails
 - Level 1.7 Dodging
 - Level 1.5 Stealth
 - Level 2.4 Spellcasting
 - Level 0.6 Transmutations
 - Level 2.1 Earth Magic


You had 5 spell levels left.
You knew the following spells:

 Your Spells              Type           Power        Failure   Level  Hunger
a - Sandblast             Erth           ##....       17%         1    #......
b - Passwall              Tmut/Erth      #.........   28%         2    ###....
c - Blink                 Tloc           N/A          43%         2    ###....


Dungeon Overview and Level Annotations

Branches:
Dungeon (5/15)
 Temple: D:4-7

Altars:
Nemelex Xobeh
Vehumet
Yredelemnul
The Shining One

Annotations:
D:2 Sigmund
D:3 Terence
D:4 Leszczynek's ghost, amateur OgEE


Innate Abilities, Weirdness & Mutations

You are too large for most types of armour.
You have tough skin. (AC +1)
You can translocate small distances at will.
Scrolls take you a little longer to read.
Your flesh is heat resistant. (rF+)
Your system is resistant to poisons. (rPois)
You regenerate slowly when monsters are visible.
Your spells are a little harder to cast, but a little more powerful.


Message History

* * * LOW HITPOINT WARNING * * *
You are too injured to fight recklessly!
You hit the ogre.
The ogre is moderately wounded.
You closely miss the ogre.
The ogre is moderately wounded.
The ogre barely misses you.
You sock the ogre!
The ogre is heavily wounded.
The ogre misses you.
You barely miss the ogre.
The ogre is heavily wounded.
The ogre completely misses you.
You barely miss the ogre.
The ogre is heavily wounded.
The ogre barely misses you.
You closely miss the ogre.
The ogre is heavily wounded.
The ogre hits you with a giant club!
You die...

####
#....#......
....#
#.##........
#..##.####......
#....# #...(..
#....# #......
###
###..####......
##..#+#
##...........
#...O.+
#..####.....
#@## ##..# #....
#.#.###...#
...#.....###
....###.####
####. ...#
#######


You could see an ogre.

Vanquished Creatures
  An ogre (D:5)
  A crimson imp (D:5)
  An orc priest (D:5)
  A hound (D:5)
  2 centaur skeletons (D:4)
  Jessica (D:4)
  3 worker ants
  A hound skeleton (D:5)
  A howler monkey zombie (D:5)
  8 gnolls (D:5)
  3 adders
  2 worms
  2 dart slugs (D:2)
  4 giant geckos
  2 orcs (D:5)
  A ball python (D:3)
  4 bats
  A giant cockroach (D:4)
  A goblin (D:2)
  A hobgoblin (D:3)
  3 kobolds
  A quokka (D:3)
  A giant gecko skeleton (D:4)
  4 giant newts
  A rat (D:3)
51 creatures vanquished.

Notes
Turn   | Place    | Note
-------+----------+-------------------------------------------
     0 | D:1      | Leszczynek the Ogre Earth Elementalist began the quest for the Orb.
     0 | D:1      | Reached XP level 1. HP: 16/16 MP: 3/3
    63 | D:1      | Reached skill level 1 in Fighting
   112 | D:2      | Reached skill level 1 in Maces & Flails
   139 | D:2      | Found a basalt altar of Yredelemnul.
   169 | D:2      | Reached skill level 2 in Maces & Flails
   169 | D:2      | Reached XP level 2. HP: 27/27 MP: 0/5
   208 | D:2      | Reached XP level 3. HP: 33/35 MP: 0/6
   214 | D:2      | Learned a level 2 spell: Passwall
   261 | D:2      | Reached skill level 2 in Fighting
   365 | D:2      | Reached skill level 3 in Maces & Flails
   370 | D:2      | Noticed Sigmund
   531 | D:3      | Noticed Terence
   597 | D:3      | Found a radiant altar of Vehumet.
   765 | D:4      | Noticed Leszczynek's ghost (amateur OgEE)
   862 | D:4      | Found a sparkling altar of Nemelex Xobeh.
   862 | D:4      | Noticed Jessica
   877 | D:4      | suddenly it doesn't hit at all!
   877 | D:4      | adders with 15 ev? no problem! easy!
   877 | D:4      | jessica with 10 ev? sorry, impossible!
   877 | D:4      | relying on spells in this game is an exercise in masochism
   879 | D:4      | Gained mutation: Your system is resistant to poisons. (rPois) [potion of mutation]
   879 | D:4      | Gained mutation: Scrolls take you a little longer to read. [potion of mutation]
   879 | D:4      | Gained mutation: You can translocate small distances at will. [potion of mutation]
   882 | D:4      | Gained mutation: Your spells are a little harder to cast, but a little more powerful. [potion of mutation]
   882 | D:4      | Gained mutation: Your flesh is heat resistant. (rF+) [potion of mutation]
   882 | D:4      | Gained mutation: You regenerate slowly when monsters are visible. [potion of mutation]
   889 | D:4      | Killed Jessica
   889 | D:4      | Reached XP level 4. HP: 27/44 MP: 0/7
   894 | D:4      | see, wasn't so hard to actually fucking hit once, huh?
   894 | D:4      | also blurry vision and slow regen
   932 | D:4      | Reached skill level 3 in Fighting
   932 | D:4      | Reached skill level 4 in Maces & Flails
  1024 | D:4      | Reached XP level 5. HP: 32/53 MP: 0/8
  1054 | D:4      | Learned a level 2 spell: Blink
  1075 | D:4      | and why do i have as much as 17% failure on sandblast?
  1075 | D:4      | shouldn't it be 10-12?
  1075 | D:4      | what the hell?
  1075 | D:4      | and 28 on passwall when it should be 21
  1075 | D:4      | ???????????
  1075 | D:4      | ah right
  1075 | D:4      | that retarded mutation
  1075 | D:4      | "good" mutation
  1075 | D:4      | "beneficial" mutation
  1081 | D:4      | Reached skill level 5 in Maces & Flails
  1142 | D:5      | Entered Level 5 of the Dungeon
  1270 | D:5      | 3x miscast, 0,5% chance
  1270 | D:5      | llllooovvvvvvvvvvvvvvvvve it
  1320 | D:5      | Noticed an ogre
  1334 | D:5      | Killed an ogre
  1334 | D:5      | Reached skill level 4 in Fighting
  1334 | D:5      | Reached skill level 6 in Maces & Flails
  1334 | D:5      | Reached XP level 6. HP: 36/63 MP: 9/9
  1364 | D:5      | EVERYTHING COMES
  1679 | D:5      | Reached skill level 7 in Maces & Flails
  1782 | D:5      | HP: 5/63 [worker ant (6)]
  1967 | D:5      | Reached XP level 7. HP: 42/71 MP: 10/10
  2112 | D:5      | Found a glowing golden altar of the Shining One.
  2118 | D:5      | Became a worshipper of the Shining One
  2146 | D:5      | Reached skill level 8 in Maces & Flails
  2277 | D:5      | oh yes
  2277 | D:5      | i'd try fighting that ghost
  2277 | D:5      | AND SUDDENLY IT WOULD BE POWERFUL LIKE A HILL GIANT OR A JUGGERNAUT
  2277 | D:5      | i bet
  2476 | D:5      | HP: 6/71 [ogre/giant club (16)]
  2482 | D:5      | Slain by an ogre

Vault maps used:
D:1:      dpeg_arrival_radiant
D:2:      first_bread, yredelemnul_altar_generic, uniq_sigmund
D:3:      old_standard_altar, uniq_terence
D:4:      nemelex_lonely_heart_becter
D:5:      tso_oasis_becter, basic_altar, nemelex_dance_club_becter

Skill      XL: |  1  2  3  4  5  6  7 |
---------------+----------------------+-----
Fighting       | 1 2 3 4 |  4.4
Maces & Flails | 2 3 4 6 7 8 |  8.2
Dodging        | |  1.7
Stealth        | |  1.5
Spellcasting   | |  2.4
Transmutations | |  0.6
Earth Magic    | |  2.1

Action                   |  1- 3 |  4- 6 |  7- 9 || total
-------------------------+-------+-------+-------++-------
Melee: Mace              |    19 |    77 |       ||    96
       Giant club        |       |    38 |    62 ||   100
       Flail             |       |    12 |       ||    12
Throw: Stone             |       |     5 |       ||     5
 Cast: Sandblast         |    33 |    36 |       ||    69
Evoke: Wand              |       |     4 |       ||     4
  Use: Potion            |     5 |     2 |     1 ||     8
       Scroll            |     2 |     2 |       ||     4
 Stab: Sleeping          |     1 |     1 |       ||     2
  Eat: Chunk             |       |     5 |     3 ||     8
       Royal jelly       |       |     1 |       ||     1
Armor: Robe              |    12 |    24 |    10 ||    46
Dodge: Dodged            |    16 |    90 |    37 ||   143
